 Dungeon Sprint DCSS version 0.31-a0-1606-g60c5cc7444 (webtiles) character file.

Game seed: 6632645419721441462

25 James the Ducker (level 2, -9/16 HPs)
             Began as a Spriggan Fighter on Jan 8, 2024.
             Mangled by a warg (14 damage)
             ... in the Dungeon (Sprint I: "Red Sonja").
             The game lasted 00:00:58 (51 turns).

James the Ducker (Spriggan Fighter)                   Turns: 51, Time: 00:00:59

Health: -9/16      AC:  2    Str: 12    XL:     2   Next: 82%
Magic:  3/3        EV: 18    Int:  9    God:
Gold:   0          SH:  4    Dex: 14    Spells: 1/1 levels left

rFire   . . .        a - +0 rapier
rCold   . . .        c - +0 buckler
rNeg    . . .        b - +0 robe
rPois   .            (helmet restricted)
rElec   .            (no cloak)
rCorr   .            (gloves unavailable)
SInv    +            (boots unavailable)
Will    .....        (no amulet)
Stlth   ++           (no ring)
HPRegen 0.22/turn    (no ring)
MPRegen 0.08/turn

%: no teleportation
@: very quick
A: very small, no large weapons, unfitting armour, see invisible, speed 3
a: no special abilities


You were in the Dungeon.
You visited 1 branch

Inventory:

Hand Weapons
 a - a +0 rapier (weapon)
Armour
 b - a +0 robe (worn)
 c - a +0 buckler (worn)
Wands
 i - a wand of polymorph (1)
   (You took it off Ijyb in the Dungeon)
Scrolls
 j - a scroll of blinking
Potions
 d - a potion of might
 e - a potion of curing {@q1}
 f - a potion of heal wounds {@q2}
 g - a potion of haste {@q3}
 h - 2 potions of magic


   Skills:
 + Level 3.1 Fighting
 * Level 4.2 Short Blades
 + Level 5.0 Dodging
 + Level 3.2 Stealth
 + Level 2.7 Shields


You had one spell level left.
You didn't know any spells.
Your spell library was empty.

Dungeon Overview and Level Annotations

Branches:
Dungeon (1/1)

Altars:


Innate Abilities, Weirdness & Mutations

You are very small and have problems with some larger weapons.
You are too small for most types of armour.
You have supernaturally acute eyesight. (SInv)
You cover ground extremely quickly. (Speed+++)


Message History

Ijyb zaps a wand.
You turn into a tree.
Your +0 robe melds into your body.
Your roots penetrate the ground.
You hit Ijyb.
You kill Ijyb!
Your Fighting skill increases to level 3!
Your Short Blades skill gained 2 levels and is now at level 4!
Your Dodging skill increases to level 5!
Your Stealth skill gained 3 levels and is now at level 3!
You have reached level 2!
Unknown command.
You start resting.
You feel a strong urge to attack something.
Unknown command.
You start resting.
You are no longer berserk.
You are exhausted.
You feel yourself slow down.
You start resting.
Your transformation is almost over.
You feel less wooden.
Your +0 robe unmelds from your body.
You start waiting.
You feel yourself speed up.
You start waiting.
You recover from your berserk rage.
i - a wand of polymorph (2)
There is an open door, spattered with blood here.
Things that are here:
a +0 dagger; a +0 ring mail; the goblin corpse of Ijyb Your movement speed is very quick.
Your attack delay is about 1.0 (and is slowed by your shield).
Your damage rating with your +0 rapier is about 8 (Base 7 x 110% (Dex) x 113% (Skill)).
Unknown command.
Unknown command.
Unknown command.
You open the door.
An ogre comes into view. It is wielding a +0 giant club.
There is an open door here.
The ogre closely misses you.
You hit the ogre. The ogre hits you with a +0 giant club!
Ouch! That really hurt!
* * * LOW HITPOINT WARNING * * *
There is an open door here.
Press: ? - help, Shift-Dir - straight line, f - ogre
Aim: an ogre, wielding a +0 giant club (moderately wounded, will become a warg, an acid dragon, or a wolf, chance to affect: 49%)
The ogre evaporates and reforms as a warg!
You hit the warg but do no damage. The warg bites you!
Ouch! That really hurt!
You die...

##########
#<.#..@h.#
#..)..#.)+
#..#####+#
#..# #..#
#..# #⌠⌠#
####


You could see a warg.

Vanquished Creatures
  Ijyb (D)
1 creature vanquished.

Notes
Turn   | Place    | Note
-------+----------+-------------------------------------------
     0 | D        | James the Spriggan Fighter began the quest for the Orb.
     0 | D        | Reached XP level 1. HP: 11/11 MP: 2/2
     1 | D        | Noticed Ijyb
     8 | D        | Killed Ijyb
     9 | D        | Reached skill level 5 in Dodging
     9 | D        | Reached XP level 2. HP: 16/16 MP: 3/3
    45 | D        | Noticed an ogre
    50 | D        | an ogre changed into a warg
    50 | D        | Noticed a warg
    51 | D        | Mangled by a warg

Illustrated notes

Levels and vault maps discovered:
D:        dungeon_sprint_1 [red_sonja_temple_1, red_sonja_temple_small_1]

Skill      XL: |  1 |
---------------+----+-----
Fighting       | 3 |  3.1
Short Blades   | 4 |  4.2
Dodging        | 5 |  5.0
Stealth        | 3 |  3.2
Shields        | |  2.7

Action                     || total
---------------------------++-------
  Melee: Rapier            ||     8
  Evoke: Wand              ||     1
    Use: Potion            ||     1
 Armour: Robe              ||     2
  Dodge: Dodged            ||     3

Table legend: (Time is in decaauts)
 A = Elapsed time spent in this place.
 B = Non-inter-level travel time spent in this place.
 C = Inter-level travel time spent in this place.
 D = Time resting spent in this place.
 E = Time spent auto-exploring this place.
 F = Levels seen in this place.
 G = Mean time per level.
                   A        B        C        D        E       F      G
               +--------+--------+--------+--------+--------+-----+--------+
         Total |     55 |     55 |      0 |     40 |      0 |   1 |   55.0 |
       Dungeon |     55 |     55 |      0 |     40 |      0 |   1 |   55.0 |
               +--------+--------+--------+--------+--------+-----+--------+

Top non-repeatable levels by time:
       D: 55 daAuts
